Unix NetHack Version 3.7.0-53 Work-in-progress - last build Apr 18 2022 03:42:42 (02b85442fffe0e2954e411e09df771b56fe27bbc,branch:master). Game began 2022-04-24 15:41:12, ended 2022-04-25 11:46:27. elenmirie, neutral female gnomish Healer --- ---.-- |.<..| |....| |...-- --..| |..| |..| |..| |..| --..-- --- |....| ..-|.--.| -..|.-|.--- -....|...| ---..|--.----- ------ --@.| |.....-- --.|..-- --.L.| --.....---.....*-- |....| --.|.....-^.....| --.--- -------.....|.-- -- --------- Elenmirie the Embalmer St:25 Dx:13 Co:17 In:10 Wi:14 Ch:16 Neutral Dlvl:10 $:0 HP:0(27) Pw:71(71) AC:-6 Xp:9/4554 T:11641 Latest messages: You hear crashing rock. You hear crashing rock. You see here a yellow gem. You fall into a pit! You are still in a pit. You are still in a pit. You are still in a pit. You are still in a pit. You are still in a pit. You crawl to the edge of the pit. The yeti misses! The yeti hits! The yeti bites! The massive hammer hits! Lightning strikes the yeti! The yeti misses! The yeti hits! The yeti bites! The massive hammer hits! Lightning strikes the yeti! The yeti hits! The yeti hits! The yeti misses! The massive hammer hits! Lightning strikes the yeti! You kill the yeti! You see here a yeti corpse. There is a yeti corpse here; eat it? [ynq] (n) y Blecch! Rotten food! Everything suddenly goes dark. A rock piercer suddenly appears! You hear crashing rock. You finish eating the yeti corpse. You can see again. You hear crashing rock. The arch-lich appears next to you! The arch-lich touches you! The air crackles around the arch-lich. What do you want to zap? [gjovyAHO or ?*] o In what direction? k You hear crashing rock. The arch-lich vanishes! The arch-lich appears next to you! The arch-lich touches you! The arch-lich casts a spell at you! Oh no, she's using the touch of death! You feel drained... You die... Do you want your possessions identified? [ynq] (y) y Do you want to see your attributes? [ynq] (y) y Do you want an account of creatures vanquished? [ynaq] (y) y Do you want to see your conduct and achievements? [ynq] (y) y Do you want to see the dungeon overview? [ynq] (y) y Major events: Turn 1: elenmirie the neutral female gnomish Healer entered the dungeon 998: entered the Gnomish Mines 1497: reached Mine Town 2300: attained the rank of Empiric (level 3) 4925: entered Sokoban 5028: attained the rank of Embalmer (level 6) 5375: completed sokoban 1 5979: completed sokoban 2 6364: completed sokoban 3 7398: completed sokoban 4 7555: acquired the Sokoban bag of holding 10631: bestowed with Mjollnir by Hermes 11641: killed by a touch of death Inventory: Amulets q - an uncursed amulet of guarding (being worn) Weapons B - 5 uncursed +0 daggers (at the ready) a - an uncursed +0 scalpel X - the uncursed rustproof +0 Mjollnir (weapon in hand) Armor K - an uncursed rusty +0 helmet (being worn) s - an uncursed rusty +0 pair of gauntlets of power (being worn) b - an uncursed +1 pair of leather gloves d - an uncursed +0 pair of low boots (being worn) z - an uncursed +0 shield of reflection (being worn) U - an uncursed burnt +0 robe (being worn) h - a blessed +1 studded leather armor (being worn) Comestibles L - an uncursed lizard corpse Rings N - a cursed -1 ring of gain strength D - a cursed ring of hunger Q - a cursed ring of polymorph I - an uncursed ring of polymorph control C - a cursed -1 ring of protection R - an uncursed ring of protection from shape changers E - an uncursed ring of shock resistance J - an uncursed ring of slow digestion Wands j - an uncursed wand of cancellation (0:4) v - an uncursed wand of light (0:9) y - an uncursed wand of polymorph (0:3) A - an uncursed wand of secret door detection (0:11) g - an uncursed wand of sleep (0:0) H - an uncursed wand of speed monster (0:5) o - an uncursed wand of undead turning (0:4) O - an uncursed wand of undead turning (0:4) Tools w - an uncursed bag of holding containing 34 items W - an empty uncursed sack n - an uncursed bugle r - a cursed magic flute (0:5) c - an uncursed magic whistle Z - an uncursed oil lamp P - an uncursed stethoscope x - an uncursed towel Contents of the bag of holding: 5649 gold pieces an uncursed beneficial tonic 4 uncursed apples an uncursed clove of garlic 4 uncursed food rations an uncursed lembas wafer an uncursed tripe ration a blessed scroll of charging an uncursed scroll of charging 2 uncursed scrolls of destroy armor a blessed scroll of earth a cursed scroll of earth an uncursed scroll of enchant weapon an uncursed scroll of food detection an uncursed scroll of gold detection a cursed scroll of identify an uncursed scroll of light an uncursed scroll of light a cursed scroll of light a cursed scroll of magic mapping 3 uncursed scrolls of remove curse an uncursed scroll of teleportation 2 uncursed scrolls of teleportation an uncursed potion of gain level a blessed potion of hallucination 3 uncursed potions of healing an uncursed potion of invisibility an uncursed potion of object detection 2 uncursed potions of object detection an uncursed potion of see invisible an uncursed potion of sleeping a cursed potion of sleeping a potion of unholy water an uncursed +0 pick-axe Elenmirie the Healer's attributes: Background: You were an Embalmer, a level 9 female gnomish Healer. You were neutral, on a mission for Hermes who was opposed by Athena (lawful) and Poseidon (chaotic). You were in the Gnomish Mines, on level 10. You entered the dungeon 11641 turns ago. You had 4554 experience points, 566 more were needed to attain level 10. Basics: You had 0 out of 27 hit points. You had all 71 energy points (spell power). Your armor class was -6. Your wallet was empty. Autopickup was on for '$' plus thrown. Final Characteristics: Your strength was 25 (base:13, innate limit:18/50). Your dexterity was 13 (limit:18). Your constitution was 17 (limit:18). Your intelligence was 10 (limit:19). Your wisdom was 14 (limit:18). Your charisma was 16 (limit:18). Final Status: You were not hungry. You were unencumbered. You were wielding a hammer. You had basic skill with hammer. Final Attributes: You were piously aligned. You were poison resistant. You were telepathic. You had infravision. You had a moderate defense bonus (+8). You were protected. You were fast. You had reflection. You are dead. Miscellaneous: You never encountered a bones level. Total elapsed playing time was 4 hours, 25 minutes and 16 seconds. Vanquished creatures: an Aleax 2 giant mimics a wumpus a stalker a giant zombie a warg a freezing sphere a flaming sphere a large cat a gargoyle an ochre jelly an elf mummy a human mummy 2 watchmen 3 giant beetles 2 quivering blobs 4 cockatrices 2 wolves a winter wolf cub a spotted jelly an iron piercer a giant spider a scorpion 2 horses an ice vortex a black light a vampire bat an orc mummy 2 dwarf mummies an owlbear 3 yetis 8 lizards a dingo 2 dogs a housecat a blue jelly 3 ravens a human zombie 7 soldier ants a fire ant 2 bugbears a wood nymph 2 mountain nymphs a Mordor orc 3 Uruk-hai an orc shaman 3 rock piercers a pony a yellow light a violet fungus a gnomish wizard a red naga hatchling 2 gray oozes a straw golem 4 giant ants a little dog 3 floating eyes a kitten 4 dwarves 2 homunculi a kobold leader a kobold shaman 12 hill orcs 7 rothes an orc zombie 6 dwarf zombies a wererat 2 werejackals 4 iguanas 8 killer bees 3 acid blobs 4 coyotes 7 hobbits 2 manes 4 large kobolds 2 hobgoblins 4 giant rats a cave spider 2 brown molds 3 yellow molds 2 green molds a red mold 3 gnomes 6 garter snakes 2 gnome zombies 5 geckos 17 jackals 3 foxes a kobold 8 goblins 11 sewer rats 11 grid bugs 2 bats 7 lichens 2 kobold zombies 12 newts 273 creatures vanquished. No species were genocided or became extinct. Voluntary challenges: You read items or engraved 3 times. You never engraved Elbereth. You never genocided any monsters. You never polymorphed an object. You never changed form. You used no wishes. You did not violate any of the special Sokoban rules. Achievements: You entered a shop. You entered the Gnomish Mines. You entered Minetown. You entered a temple. You attained the rank of Empiric. You entered Sokoban. You attained the rank of Embalmer. You completed Sokoban. The Dungeons of Doom: levels 1 to 8 Level 1: A fountain. Level 2: An armor shop, a grave. Stairs down to The Gnomish Mines. Level 3: An altar to Hermes, a fountain. Level 4: An armor shop, some fountains. Level 5: A scroll shop, a fountain. Level 6: Level 7: Many fountains. Oracle of Delphi. Level 8: Stairs up to Sokoban, level 7. The Gnomish Mines: levels 3 to 10 Level 3: Level 4: Level 5: Many shops, a temple to Hermes, some fountains. Level 6: Level 7: Level 8: Level 9: Level 10: <- You were here. Final resting place for you, killed by a touch of death. Sokoban: levels 7 up to 4 Level 4: Solved. Level 5: Solved. Level 6: Solved. Level 7: Solved. Game over: ---------- / \ / REST \ / IN \ / PEACE \ / \ | elenmirie | | 5649 Au | | killed by a | | touch of death | | | | | | 2022 | *| * * * | * _________)/\\_//(\/(/\)/\//\/|_)_______ Goodbye elenmirie the Healer... You died in The Gnomish Mines on dungeon level 10 with 22785 points, and 5649 pieces of gold, after 11641 moves. You were level 9 with a maximum of 27 hit points when you died.